 Dungeon Crawl Stone Soup version 0.23.2-40-g277498a001 (webtiles) character file.

Game seed: 2337133116292812317

25 Martska the Chiller (level 3, 0/26 HPs)
             Began as a Merfolk Ice Elementalist on Oct 8, 2019.
             Succumbed to an adder's poison
             ... on level 1 of the Dungeon.
             The game lasted 00:07:36 (1956 turns).

Martska the Chiller (Merfolk Ice Elementalist)      Turns: 1956, Time: 00:07:36

Health: 0/26       AC:  4    Str:  8    XL:     3   Next: 6%
Magic:  0/6        EV: 10    Int: 14    God:
Gold:   95         SH:  6    Dex: 15    Spells: 5/6 levels left

rFire    + . .     SeeInvis .   b - +0 short sword
rCold    + . .     Gourm    +   n - +0 shield
rNeg     . . .     Faith    .   o - +0 leather armour
rPois    +         Spirit   .   k - +0 helmet
rElec    +         Reflect  .   (no cloak)
rCorr    +         Harm     .   (no gloves)
MR       .....                  (no boots)
Stlth    ++........             m - amulet of the gourmand
HPRegen  0.08/turn              (no ring)
MPRegen  0.10/turn              (no ring)

@: lethally poisoned (0 -> -2), resistant, very slightly contaminated
A: change form in water, swift swim, stealthy swim
a: no special abilities


You were on level 1 of the Dungeon.
You were not hungry.

You visited 1 branch of the dungeon, and saw 2 of its levels.

You collected 95 gold pieces.

Inventory:

Hand Weapons
 b - a +0 short sword (weapon)
Armour
 a - a +0 robe
 k - a +0 helmet (worn)
 n - a +0 shield (worn)
 o - a +0 leather armour (worn)
Jewellery
 m - an amulet of the gourmand (around neck)
Scrolls
 d - 2 scrolls of enchant weapon {unknown}
 g - 3 scrolls of fog {unknown}
 i - a scroll of remove curse {unknown}
 j - a scroll of fear {unknown}
 q - a scroll of teleportation {unknown}
 r - a scroll of identify {unknown}
Potions
 e - a potion of mutation {unknown}
 f - a potion of flight {unknown}
 h - a potion of resistance
 p - a potion of might {unknown}
Comestibles
 c - 3 rations


   Skills:
 * Level 1.1 Fighting
 * Level 3.2 Dodging
 + Level 2.3 Stealth
 + Level 2.1 Spellcasting
   Level 0.7 Conjurations
 + Level 3.8 Ice Magic


You had 5 spell levels left.
You knew the following spells:

 Your Spells              Type           Power        Failure   Level  Hunger
a - Freeze                Ice            ##..         45%         1    #......

Your spell library contained the following spells:

 Spells                   Type           Power        Failure   Level  Hunger
 Throw Frost              Conj/Ice       #.....       82%         2    ###....
 Ozocubu's Armour         Chrm/Ice       #.......     97%         3    ###....
 Summon Ice Beast         Ice/Summ       #.......     100%        4    #####..
 Throw Icicle             Conj/Ice       #.......     100%        4    #####..


Dungeon Overview and Level Annotations

Branches:
Dungeon (2/15)

Altars:


Message History

Aiming: Freeze (safe; 45% risk of failure)
Press: ? - help, Shift-Dir - straight line, f/p - adder
Aim: an adder (heavily wounded)
You miscast Freeze.
Nothing appears to happen.
You feel sick. The adder bites you.
* * * LOW HITPOINT WARNING * * *
You barely miss the adder.
The adder is heavily wounded.
The adder bites you.
* * * LOW HITPOINT WARNING * * *
Casting: Freeze (safe; 45% risk of failure)
Confirm with . or Enter, or press ? or * to list all spells.
Aiming: Freeze (safe; 45% risk of failure)
Press: ? - help, Shift-Dir - straight line, f/p - adder
Aim: an adder (heavily wounded)
You miscast Freeze.
Nothing appears to happen.
The adder bites you but does no damage. The adder barely misses you.
You hit the adder.
The adder is almost dead.
You die...

#.....##....'......
#.....##....#......
#.....)'....+......
#.....##....#......
#.....##....#####..
#.....##....# ###
#.....##....# #
#...(.##....# #
#(@...##....# #####
#.S...##....###...#
#.....##..........#
#.....##..........#
#.(...####........#
##.)(## #..(.....#
#>..#####........#
#.......#.........
#.......#.....##..


You could see an adder.

Vanquished Creatures
  A dart slug (D:1)
  A leopard gecko (D:1)
  A ball python (D:2)
  6 goblins
  4 hobgoblins
  A quokka (D:2)
  A bat (D:1)
  2 frilled lizards (D:1)
  2 kobolds (D:1)
  A rat (D:2)
20 creatures vanquished.

Notes
Turn   | Place    | Note
-------+----------+-------------------------------------------
     0 | D:1      | Martska the Merfolk Ice Elementalist began the quest for
                  | the Orb.
     0 | D:1      | Reached XP level 1. HP: 13/13 MP: 3/3
   433 | D:1      | Reached XP level 2. HP: 19/19 MP: 1/5
  1729 | D:2      | Reached skill level 1 in Fighting
  1881 | D:2      | Reached XP level 3. HP: 20/26 MP: 0/6
  1954 | D:1      | HP: 1/26 [adder (2)]
  1956 | D:1      | Succumbed to an adder's poison

Skill      XL: |  1  2 |
---------------+-------+-----
Dodging        | 3 |  3.2
Fighting       | 1 |  1.1
Stealth        | |  2.3
Spellcasting   | |  2.1
Conjurations   | |  0.7
Ice Magic      | |  3.8

Action                   || total
-------------------------++-------
Melee: Short sword       ||    53
 Cast: Freeze            ||    19
  Use: Potion            ||     3
 Stab: Sleeping          ||     2
  Eat: Ration            ||     1
Armor: Robe              ||     8
       Leather armour    ||    14
Dodge: Dodged            ||    51
Block: Shield            ||    15
